 Dungeon Crawl Stone Soup version 0.15-a0-910-gf78ccf3 (webtiles) character file.

7138 Iamburgie the Martial Artist (level 11, -7/71 HPs)
             Began as a Gargoyle Monk on May 20, 2014.
             Was an Elder of the Shining One.
             Mangled by a seven-headed hydra (10 damage)
             ... on Level 2 of the Lair of Beasts.
             The game lasted 01:18:34 (12903 turns).

Iamburgie the Martial Artist (Gargoyle Monk)       Turns: 12903, Time: 01:18:35

HP  -7/71        AC 11     Str 14      XL: 11   Next: 10%
MP  11/11        EV 16     Int 12      God: the Shining One [****..]
Gold 428         SH  0     Dex 14      Spells:  0 memorised, 10 levels left

rFire  . . .     SeeInvis .       - Unarmed
rCold  . . .     Clarity  .     j - +0 robe
rNeg   + + +     Conserve .     (no shield)
rPois  +         rCorr    .     (no helmet)
rElec  +         rRot     +     q - +1 cloak
SustAb .         Spirit   .     (no gloves)
rMut   .         Warding  .     (no boots)
Gourm  +         Stasis   .     D - amulet of the gourmand
MR     .....                    x - ring of stealth
                                e - ring "Gempib" {rN+ Dex-1 Acc+5}

@: about to teleport, glowing, not resistant to hostile enchantments, unstealthy
A: life protection 1, electricity resistance, unbreathing, petrification
resistance, AC +7
a: Divine Shield, Cleansing Flame, Renounce Religion


You were on level 2 of the Lair of Beasts.
You worshipped the Shining One.
The Shining One was greatly pleased with you.
You were not hungry.

You visited 2 branches of the dungeon, and saw 10 of its levels.
You also visited: Ossuary.

You collected 428 gold pieces.

Inventory:

Armour
 j - a +0 robe (worn)
 k - a +0 cloak
 q - a +1 cloak (worn)
 M - a +0 pair of boots
 O - a +0 pair of gloves
Magical devices
 d - a wand of fire (7) {unknown}
 v - a wand of confusion (12)
 y - a wand of fire (8) {unknown}
Comestibles
 b - 5 bread rations
 p - 3 pears
 t - 2 apples
 u - a choko
 F - 12 grapes
 G - 6 honeycombs
 H - 3 cheeses
 J - 3 lemons
 N - 4 sultanas
Scrolls
 c - 2 scrolls of amnesia
 i - 6 scrolls of teleportation
 l - a scroll of blinking
 m - a scroll of vulnerability
 o - 8 scrolls of remove curse
 r - 2 scrolls of enchant armour
 E - a scroll of enchant weapon II
 K - a scroll of random uselessness {unknown}
Jewellery
 a - a +2 ring of dexterity {unknown}
 e - the ring "Gempib" (left hand) {rN+ Dex-1 Acc+5}
   (You found it on level 4 of the Dungeon)

   [ring of positive energy]

   It affects your dexterity (-1).
   It affects your accuracy with ranged weapons and melee attacks (+5).
   It protects you from negative energy.
 x - a ring of stealth (right hand)
 D - an amulet of the gourmand (around neck)
 L - an uncursed ring of ice
Potions
 g - 13 potions of curing
 h - a potion of resistance {unknown}
 n - 2 potions of brilliance
 s - a potion of haste
 w - 2 potions of might
 z - a potion of flight
 A - a potion of agility {unknown}
 B - a potion of invisibility {unknown}
 C - a potion of lignification {unknown}
 I - a potion of porridge
Books
 f - a book of the Tempests

   Spells                             Type                      Level
   Static Discharge                   Conjuration/Air              3
   Lightning Bolt                     Conjuration/Air              5
   Fireball                           Conjuration/Fire             5
   Tornado                            Air                          9
   Shatter                            Earth                        9


   Skills:
 + Level 9.6 Fighting
 + Level 7.6 Dodging
 - Level 2.2 Stealth
 * Level 13.2 Unarmed Combat


You had 10 spell levels left.
You didn't know any spells.

Dungeon Overview and Level Annotations

Branches:
Dungeon (8/15)             Temple (0/1) D:7            Lair (2/8) D:8

Altars:
Cheibriados
Elyvilon
Kikubaaqudgha
Okawaru
Sif Muna
Trog
Xom
Zin
The Shining One

Annotations:
D:6 1 exclusion, Blork the orc


Innate Abilities, Weirdness & Mutations

You are resistant to torment.
You are immune to poison.
You are immune to rotting.
Your stone body is very resilient (AC +7).
You resist negative energy.
You are resistant to electric shocks.
You can survive without breathing.
You are immune to petrification.


Message History

The seven-headed hydra bites you but does no damage.
As you read the scroll of teleportation, it crumbles to dust.
You feel strangely unstable.
The seven-headed hydra completely misses you.
The seven-headed hydra bites you but does no damage.
The seven-headed hydra bites you!
* * * LOW HITPOINT WARNING * * *
The seven-headed hydra bites you but does no damage.
The seven-headed hydra barely misses you.
The seven-headed hydra bites you!
* * * LOW HITPOINT WARNING * * *
The seven-headed hydra bites you but does no damage.
You hear a distant blaring wail to the southwest.
The seven-headed hydra bites you.
* * * LOW HITPOINT WARNING * * *
The seven-headed hydra barely misses you.
The seven-headed hydra bites you.
* * * LOW HITPOINT WARNING * * *
The seven-headed hydra bites you!
You die...

..............(......
.....................
......................
..#..###..(............
..............#.P.P.....
............P.....P.....
.......P................
........................
.....P....#...@...).._.
....#....+...D........
...#.................
+.....#.....#......
.......#.P#'P#......
....................
....................
...............w....
##.(................


You could see a seven-headed hydra.

Vanquished Creatures
  Harold (Lair:1)
  The ghost of oplop the Covert, an experienced VSAs of Dithmenos (D:7)
  2 spiny frogs (Lair:1)
  A komodo dragon (Lair:1)
  Prince Ribbit (D:7)
  A yak (D:8)
  A shark (Lair:1)
  A deep elf fighter (D:8)
  Edmund (D:8)
  Menkaure (D:7)
  A soldier ant (D:8)
  2 water moccasins
  A spider (D:8)
  An orc warrior (D:7)
  An ice beast (D:8)
  3 porcupines (Lair:1)
  A yellow wasp (D:8)
  3 phantoms
  A sky beast (D:5)
  4 centaurs
  4 ogres
  Sigmund (D:3)
  A giant slug (D:8)
  5 giant frogs
  9 scorpions
  4 wights (D:8)
  4 crimson imps
  3 goliath beetles (D:8)
  2 human zombies (Ossuary)
  5 hounds
  A centaur zombie (Ossuary)
  2 iguanas
  Crazy Yiuf (D:3)
  A gnoll shaman (D:6)
  4 orc priests
  6 orc wizards
  2 worker ants
  2 big kobold zombies (Ossuary)
  3 mummies (Ossuary)
  6 adders
  6 gnolls (D:6)
  3 green rats
  A worm zombie (D:5)
  3 giant mites
  An inept item mimic (Ossuary)
  A shadow imp (D:5)
  A steam dragon skeleton (D:6)
  5 worms
  An ooze (D:1)
  21 orcs
  33 bats
  3 giant cockroaches
  3 gnoll zombies (Ossuary)
  12 hobgoblins
  15 jackals
  9 kobolds
  7 quokkas
  A ball python (D:2)
  4 giant geckos
  A giant newt (D:4)
  14 goblins
  3 goblin zombies (Ossuary)
  2 hobgoblin zombies (Ossuary)
  A kobold skeleton (D:5)
  A kobold zombie (Ossuary)
  An orc skeleton (D:7)
  2 orc zombies
  38 rats
288 creatures vanquished.

Vanquished Creatures (collateral kills)
  A kobold (D:7)
1 creature vanquished.

Vanquished Creatures (others)
  A worker ant (D:7)
  A kobold zombie (Ossuary)
  A plant (Lair:1)
3 creatures vanquished.

Grand Total: 292 creatures vanquished

Notes
Turn   | Place    | Note
--------------------------------------------------------------
     0 | D:1      | Iamburgie, the Gargoyle Monk, began the quest for the Orb.
     0 | D:1      | Reached XP level 1. HP: 14/14 MP: 1/1
   226 | D:1      | Reached XP level 2. HP: 17/19 MP: 2/2
   875 | D:1      | Reached XP level 3. HP: 19/23 MP: 3/3
   976 | D:2      | Reached skill level 5 in Unarmed Combat
  1295 | D:2      | Found a glowing golden altar of the Shining One.
  1366 | D:2      | Became a worshipper of the Shining One
  1366 | D:2      | Acquired the Shining One's first power
  1366 | D:2      | Acquired the Shining One's second power
  2046 | D:3      | Reached XP level 4. HP: 29/29 MP: 4/4
  2096 | D:3      | Noticed Crazy Yiuf
  2111 | D:3      | Killed Crazy Yiuf
  2447 | D:3      | Found a snail-covered altar of Cheibriados.
  2680 | D:3      | Reached XP level 5. HP: 26/33 MP: 5/5
  2965 | D:3      | Noticed Sigmund
  2992 | D:3      | Killed Sigmund
  2992 | D:3      | Reached skill level 6 in Unarmed Combat
  3124 | D:3      | Found an iron altar of Okawaru.
  3141 | D:3      | Reached XP level 6. HP: 14/39 MP: 6/6
  3671 | D:4      | Found a white marble altar of Elyvilon.
  3739 | D:4      | Found a sand-covered staircase.
  3744 | Ossuary  | Entered an ossuary
  3878 | Ossuary  | Reached skill level 7 in Unarmed Combat
  3953 | Ossuary  | Reached XP level 7. HP: 28/44 MP: 7/7
  4085 | Ossuary  | Reached skill level 5 in Fighting
  5115 | D:4      | Reached skill level 8 in Unarmed Combat
  5135 | D:4      | Found an ancient bone altar of Kikubaaqudgha.
  5137 | D:4      | Got an ancient steel ring
  5178 | D:4      | Identified the ring "Gempib" {rN+ Dex-1 Acc+5} (You found it on level 4 of the Dungeon)
  5257 | D:4      | Noticed a moth of wrath
  5260 | D:4      | Found a bloodstained altar of Trog.
  5338 | D:5      | Entered Level 5 of the Dungeon
  5428 | D:5      | Reached XP level 8. HP: 48/50 MP: 8/8
  5466 | D:5      | Found a shimmering altar of Xom.
  5736 | D:5      | Found a shimmering altar of Xom.
  6158 | D:6      | Reached skill level 9 in Unarmed Combat
  6320 | D:6      | Noticed Blork the orc
  6594 | D:6      | Reached skill level 5 in Dodging
  6762 | D:6      | Got a transparent ring mail
  7146 | D:7      | Reached XP level 9. HP: 32/56 MP: 9/9
  7301 | D:7      | Reached skill level 10 in Unarmed Combat
  7544 | D:7      | Acquired the Shining One's third power
  7937 | D:7      | Noticed oplop's ghost (experienced VSAs)
  7953 | D:7      | Killed oplop's ghost
  8000 | D:7      | Found a staircase to the Ecumenical Temple.
  8045 | D:8      | Noticed Edmund
  8236 | D:7      | Noticed Prince Ribbit
  8249 | D:7      | Killed Prince Ribbit
  8335 | D:7      | Noticed Menkaure
  8350 | D:7      | Reached skill level 11 in Unarmed Combat
  8358 | D:7      | Killed Menkaure
  8905 | D:8      | Reached XP level 10. HP: 53/64 MP: 10/10
  9271 | D:8      | Killed Edmund
  9359 | D:8      | Found a glowing silver altar of Zin.
  9398 | D:8      | Found a staircase to the Lair.
 10139 | D:8      | Reached skill level 12 in Unarmed Combat
 10403 | Lair:1   | Entered Level 1 of the Lair of Beasts
 10618 | Lair:1   | Noticed Harold
 10639 | Lair:1   | HP: 2/65 [Harold/bolt of fire (31)]
 11547 | Lair:1   | Killed Harold
 11975 | Lair:1   | HP: 1/66 [giant frog (6)]
 12330 | Lair:1   | Reached XP level 11. HP: 67/71 MP: 11/11
 12341 | Lair:1   | Reached skill level 13 in Unarmed Combat
 12877 | Lair:2   | Noticed a seven-headed hydra
 12892 | Lair:2   | Found a deep blue altar of Sif Muna.
 12903 | Lair:2   | HP: 3/71 [seven-headed hydra (1)]
 12903 | Lair:2   | Mangled by a seven-headed hydra

Action                   |  1- 3 |  4- 6 |  7- 9 | 10-12 || total
-------------------------+-------+-------+-------+-------++-------
Melee: Unarmed           |   181 |   173 |   435 |   327 ||  1116
Evoke: Wand              |       |       |     2 |       ||     2
  Use: Scroll            |       |       |    22 |     3 ||    25
       Potion            |       |       |     1 |     1 ||     2
 Stab: Sleeping          |     2 |       |       |     1 ||     3
